Map: 이페머론 - 래더

Players

llllllllllll (Trap)

  • Race: Protoss Protoss
  • League: Master
  • Spawn Location: 11:00

Stats - Winner!

  • Race: Protoss Protoss
  • League: Grandmaster
  • Spawn Location: 5:00

VOD

Have the link to the VOD?

Description

Time

  • Played on: Jan. 9, 2020, 6:29 a.m.
  • Length: 10:31
Show
View Real Time Build Order
Export as new Build Order

llllllllllll Protoss 

Build Orders: Oracle Opening, Zealot Archon 

Get SALT Encoding   

  12  0:00  Probe  
  13  0:12  Probe  
  14  0:19  Pylon  
  14  0:24  Probe (Chrono Boost)  
  15  0:37  Probe (Chrono Boost)  
  15  0:38  Gateway  
  16  0:45  Probe (Chrono Boost)  
  16  0:46  Assimilator  
  17  0:51  Probe  
  17  0:55  Assimilator  
  18  1:03  Probe (Chrono Boost)  
  19  1:08  Gateway  
  19  1:13  Probe (Chrono Boost)  
  19  1:18  Probe (Chrono Boost)  
  20  1:24  Cybernetics Core  
  21  1:30  Probe  
  22  1:37  Pylon  
  22  1:42  Probe  
  23  1:55  Probe  
  23  2:01  Warp Gate, Adept x2  
  28  2:10  Pylon  
  28  2:17  Stargate  
  28  2:31  Adept x2  
  31  2:57  Oracle (Chrono Boost)  
  29  3:01  Adept x2  
  36  3:27  Nexus  
  36  3:29  Pylon  
  36  3:36  Oracle (Chrono Boost)  
  39  3:47  Probe  
  40  3:59  Probe  
  40  4:01  Robotics Facility  
  41  4:11  Probe (Chrono Boost)  
  42  4:19  Sentry  
  42  4:21  Pylon  
  42  4:24  Probe (Chrono Boost)  
  45  4:29  Probe (Chrono Boost)  
  47  4:40  Probe (Chrono Boost)  
  47  4:44  Probe (Chrono Boost)  
  48  4:49  Immortal  
  53  4:54  Probe x2 (Chrono Boost)  
  53  4:59  Sentry  
  56  5:01  Probe  
  56  5:02  Probe  
  56  5:03  Pylon  
  56  5:06  Forge  
  58  5:13  Probe  
  59  5:14  Probe  
  60  5:24  Assimilator  
  60  5:25  Probe (Chrono Boost), Pylon  
  60  5:26  Assimilator  
  60  5:28  Observer  
  63  5:32  Probe (Chrono Boost)  
  63  5:34  Protoss Ground Weapons Level 1 (Chrono Boost)  
  64  5:35  Probe (Chrono Boost)  
  64  5:40  Probe x2 (Chrono Boost)  
  66  5:48  Twilight Council  
  66  5:49  Stalker  
  68  5:50  Probe  
  68  5:51  Probe  
  70  5:58  Pylon  
  70  6:02  Probe  
  70  6:03  Probe  
  72  6:06  Immortal  
  76  6:16  Gateway  
  76  6:17  Gateway  
  76  6:22  Probe  
  76  6:23  Probe  
  76  6:24  Charge  
  78  6:31  Templar Archives  
  78  6:42  Nexus  
  78  6:53  Gateway x2  
  78  7:00  Gateway  
  78  7:01  Phoenix  
  78  7:07  Gateway  
  80  7:15  Protoss Ground Weapons Level 2 (Chrono Boost)  
  80  7:17  High Templar x2  
  80  7:20  Pylon  
  80  7:22  Archon  
  84  7:24  Pylon  
  84  7:25  Zealot  
  84  7:28  Zealot  
  88  7:33  Pylon  
  88  7:41  Probe x2  
  90  7:52  High Templar x2  
  90  7:53  Probe x2  
  90  7:56  Archon  
  97  7:59  Immortal (Chrono Boost)  
  97  8:05  Probe  
  103  8:08  Zealot x5  
  103  8:10  Zealot  
  113  8:18  Shield Battery  
  112  8:20  Shield Battery  
  112  8:23  Pylon  
  112  8:26  High Templar x2  
  116  8:30  Archon  
  116  8:33  Zealot x3  
  122  8:38  Warp Prism  
  124  8:45  Zealot  
  124  8:46  Zealot  
  110  8:49  Zealot  
  110  8:54  Zealot x2  
  104  8:59  Zealot x2  
  92  9:04  Zealot  
  73  9:10  Zealot x2  
  73  9:11  Zealot  
  73  9:12  Probe  
  73  9:14  Probe  
  81  9:20  High Templar x3  
  81  9:22  High Templar  
  89  9:25  Archon  
  89  9:26  Archon  
  89  9:27  Observer  
  89  9:29  Zealot  
  92  9:44  Zealot x3  
  95  9:49  Stalker  
  95  9:52  Stalker x2  
  89  10:02  Zealot x2  
  89  10:05  Zealot  
  95  10:12  Zealot x2  
Show
View Real Time Build Order
Export as new Build Order

Stats Protoss - Winner!

Build Orders: Zealot Archon 

Get SALT Encoding   

  12  0:00  Probe  
  13  0:12  Probe  
  14  0:17  Pylon  
  14  0:24  Probe (Chrono Boost)  
  15  0:36  Gateway  
  15  0:37  Probe (Chrono Boost)  
  16  0:45  Probe (Chrono Boost), Assimilator  
  17  0:51  Probe  
  17  0:54  Assimilator  
  18  1:03  Probe (Chrono Boost)  
  19  1:07  Gateway  
  19  1:14  Probe (Chrono Boost)  
  20  1:18  Probe (Chrono Boost)  
  20  1:23  Cybernetics Core  
  21  1:29  Probe  
  22  1:34  Pylon  
  22  1:41  Probe  
  23  1:53  Probe  
  24  1:59  Warp Gate (Chrono Boost)  
  24  2:01  Adept x2  
  24  2:06  Probe  
  29  2:11  Pylon  
  29  2:31  Adept x2  
  33  2:45  Nexus  
  31  3:01  Adept x2  
  31  3:03  Shield Battery  
  35  3:06  Probe  
  35  3:11  Pylon  
  36  3:18  Probe  
  37  3:25  Robotics Facility  
  38  3:41  Stalker x2  
  41  3:48  Probe  
  42  3:55  Forge  
  40  3:58  Probe  
  40  4:00  Probe  
  42  4:09  Stalker  
  44  4:15  Stalker  
  44  4:20  Probe x2  
  44  4:21  Observer (Chrono Boost)  
  47  4:31  Protoss Ground Weapons Level 1  
  47  4:33  Stalker  
  49  4:38  Probe (Chrono Boost)  
  49  4:41  Stalker  
  49  4:44  Probe (Chrono Boost)  
  53  4:46  Observer  
  53  4:56  Probe x2 (Chrono Boost)  
  52  5:00  Sentry  
  52  5:04  Observer  
  52  5:06  Probe (Chrono Boost)  
  57  5:09  Probe (Chrono Boost)  
  57  5:10  Sentry  
  57  5:14  Pylon  
  59  5:18  Probe (Chrono Boost)  
  61  5:21  Probe (Chrono Boost)  
  61  5:23  Probe (Chrono Boost), Pylon  
  61  5:24  Phoenix  
  62  5:31  Twilight Council  
  62  5:32  Probe (Chrono Boost)  
  64  5:37  Assimilator  
  64  5:38  Probe (Chrono Boost)  
  64  5:40  Assimilator  
  64  5:41  Probe (Chrono Boost)  
  65  5:45  Probe (Chrono Boost)  
  65  5:46  Probe (Chrono Boost)  
  67  5:56  Probe  
  68  5:58  Probe  
  68  6:01  Pylon  
  69  6:08  Probe  
  69  6:09  Charge  
  69  6:11  Templar Archives  
  70  6:13  Gateway x2  
  70  6:14  Warp Prism (Chrono Boost)  
  72  6:21  Probe  
  73  6:34  Protoss Ground Weapons Level 2 (Chrono Boost)  
  73  6:44  Nexus  
  73  6:45  Pylon  
  73  6:49  High Templar  
  73  6:50  High Templar  
  73  6:52  Gateway  
  77  7:00  Archon  
  77  7:05  Gateway x2  
  77  7:06  Gateway  
  77  7:13  High Templar x2  
  81  7:18  Photon Cannon  
  81  7:20  Archon  
  81  7:24  Zealot x2  
  81  7:28  Probe x2, Phoenix  
  87  7:32  Photon Cannon  
  87  7:33  Observer  
  87  7:40  Probe x2  
  89  7:46  Pylon  
  89  7:47  High Templar x2  
  89  7:48  Pylon  
  93  7:52  Archon  
  93  7:56  Zealot x3  
  99  8:00  Photon Cannon  
  99  8:15  High Templar x2  
  99  8:16  Zealot x3  
  99  8:18  Zealot  
  99  8:19  Archon  
  111  8:23  Zealot x2  
  111  8:26  Pylon  
  115  8:47  Zealot x6  
  111  8:49  Zealot x2  
  107  8:57  Observer  
  107  9:01  Probe x2  
  107  9:02  Probe  
  80  9:14  High Templar x3  
  80  9:15  High Templar  
  80  9:16  Zealot x4  
  92  9:20  Archon x2  
  92  9:25  Probe x3  
  92  9:27  Assimilator  
  92  9:28  Assimilator  
  95  9:37  Zealot x4  
  101  9:47  High Templar x2, Zealot x2  
  101  9:52  Archon  
  107  9:59  Zealot x4  
  115  10:09  Zealot  
  115  10:10  Zealot  
  115  10:13  Pylon  
  119  10:14  Pylon  
  97  10:24  Zealot x6  
  97  10:27  Zealot x2  
  97  10:28  Zealot x3  
Tags
 
Add a new tag
Caveats
  • Supply blocks, unpowered buildings, or Contaminate may cause inaccurate times.
  • Supply counts are checked every 10 seconds.